 Dungeon Crawl Stone Soup version 0.17.0-26-gececa24 (webtiles) character file.

4224 McCoppin the Fighter (level 10, -2/68 HPs)
             Began as a Tengu Arcane Marksman on Nov 20, 2015.
             Was a Priest of Okawaru.
             Succumbed to a queen ant's poison
             ... on level 8 of the Dungeon.
             The game lasted 00:30:43 (9004 turns).

McCoppin the Fighter (Tengu Arcane Marksman)        Turns: 9004, Time: 00:30:43

Health: -2/68      AC: 10    Str: 11    XL:     10   Next: 30%
Magic:  12/12      EV:  6    Int: 14    God:    Okawaru [***...]
Gold:   497        SH:  0    Dex: 17    Spells: 1 memorised, 10 levels left

rFire  . . .     SeeInvis .     B - +0 blowgun
rCold  . . .     Clarity  .     f - +0 chain mail
rNeg   . . .     SustAt   .     (no shield)
rPois  .         Gourm    .     (helmet restricted)
rElec  .         Spirit   .     F - +0 cloak
rCorr  .         Warding  .     (no gloves)
rMut   .         Stasis   .     (boots unavailable)
MR     .....                    (no amulet)
Stlth  ..........               (no ring)
                                (no ring)

@: lethally poisoned (-2 -> -39), very slightly contaminated, invisible, not
resistant to hostile enchantments, extremely unstealthy
A: beak, talons 3, able to fly 1
a: Fly, Heroism, Renounce Religion


You were on level 8 of the Dungeon.
You worshipped Okawaru.
Okawaru was most pleased with you.
You were near starving.

You visited 2 branches of the dungeon, and saw 9 of its levels.
You also visited: Sewer and Ossuary.

You collected 497 gold pieces.

Inventory:

Hand Weapons
 h - a +0 whip
 q - a +0 short sword of venom
 r - a +0 hand axe of flaming
 B - a +0 blowgun (weapon)
 H - the +6 rapier "Buzonut" {drain, rElec rF- Int+3 SInv}
   (You found it on level 5 of the Dungeon)

   A truly terrible weapon, it drains the life of those it strikes.
   It affects your intelligence (+3).
   It makes you vulnerable to fire.
   It insulates you from electricity.
   It lets you see invisible.
 V - a +0 shortbow of flaming
Missiles
 d - 64 arrows
 o - 59 poisoned needles (quivered)
 R - 5 needles of confusion
Armour
 b - a +0 robe
 f - a +0 chain mail (worn)
 l - a +0 large shield
 t - a +0 shield
 v - a +0 plate armour
 F - a +0 cloak (worn)
 I - a +1 shield of protection
 M - the +3 pair of gloves "Duckecvu" {*Confuse rC+++ Int+3 Dex-5}
   (You found it on level 5 of the Dungeon)

   It affects your intelligence (+3).
   It affects your dexterity (-5).
   It renders you almost immune to cold.
   It may confuse you when you take damage.
Magical Staves
 x - an uncursed staff of conjuration {unknown}
Jewellery
 u - an uncursed ring of invisibility
 P - a +2 ring of evasion {unknown}
Scrolls
 m - 4 scrolls of teleportation
 n - 3 scrolls of amnesia
 y - 3 scrolls of remove curse {unknown}
 E - a scroll of torment {unknown}
 J - a scroll of random uselessness {unknown}
 K - 2 scrolls of fog {unknown}
 N - a scroll of fear {unknown}
 O - 2 scrolls of enchant armour {unknown}
 Q - 4 scrolls of identify
 S - a scroll of immolation {unknown}
 U - 2 scrolls of acquirement {unknown}
Potions
 a - a potion of agility {unknown}
 e - 2 potions of degeneration
 g - a potion of magic
 i - 2 potions of resistance {unknown}
 p - a potion of invisibility
 z - a potion of berserk rage
 C - 3 potions of flight
 D - 3 potions of brilliance
Books
 c - a book of Debilitation

   Spells                             Type                      Level
   a - Corona                         Hexes                        1
   b - Slow                           Hexes                        2
   c - Gell's Gravitas                Hexes/Translocation          3
   d - Inner Flame                    Hexes/Fire                   3
   e - Cause Fear                     Hexes                        4
   f - Leda's Liquefaction            Hexes/Earth                  4
Comestibles
 j - 5 bread rations
 k - 3 slices of pizza
 w - a beef jerky
 L - 3 fruits


   Skills:
 - Level 10.6 Fighting
 - Level 7.1 Staves
 + Level 10.0 Bows
 - Level 3.8 Armour
 - Level 2.1 Dodging
 - Level 1.0 Spellcasting
 - Level 2.1 Hexes


You had 10 spell levels left.
You knew the following spells:

 Your Spells              Type           Power        Failure   Level  Hunger
a - Corona                Hex            #......      100%        1    ##.....


Dungeon Overview and Level Annotations

Branches:
Dungeon (8/15)             Temple (1/1) D:5
   Lair: D:8-11

Altars:
Ashenzari
Dithmenos
Elyvilon
Fedhas
Gozag
Kikubaaqudgha
Makhleb
Nemelex Xobeh
Okawaru
Qazlal
Ru
Sif Muna
Trog
Vehumet
Xom
Yredelemnul
Zin
The Shining One


Innate Abilities, Weirdness & Mutations

You have a beak for a mouth.
You have claws for feet.
You can fly.


Message History

B - a +0 blowgun (weapon)
* * * LOW HITPOINT WARNING * * *
You feel sick. The queen ant completely misses you.
Firing (i - inventory. (,) - cycle):
o - 60 poisoned needles (quivered)
Press: ? - help, Shift-Dir - straight line, f - queen ant
Aim: a queen ant (almost dead, lightly drained)
You shoot a poisoned needle. The poisoned needle hits the queen ant!
The queen ant is poisoned.
The queen ant is almost dead.
* * * LOW HITPOINT WARNING * * *
You feel very sick. The queen ant stings you.
* * * LOW HITPOINT WARNING * * *
Drink which item? (? for menu, Esc to quit)
You're too hungry to go berserk.
Eat which item? (? for menu, Esc to quit)
Okay, then.
Drink which item? (? for menu, Esc to quit)
It was a potion of magic.
Magic courses through your body.
You die...

*#...##.†.## #........#
#..#..###..# #........#
..###...##.## #........###
..,*,....#..## #...........
..***..a###..## #.......>...
#.,*,.#..###..##### #........###
**,,,###...##.....# ########## #
*,,,,,*,...,#..a..#
**,,,***,,,*#...@.# ##########
*,,*,,*,,*###.....# #........#
,,***,,,**#.......# #.######.#
,,,*,,,,,#........#####.### #.##
,,***,,,*####.....#.......# #..#
******###*##......#.......#####.#
**,,...##...........<..........
*,,.,...................#####.#
**,>...#.............(..# #.#


You could see a queen ant.

Vanquished Creatures
  The ghost of DEFE the Skirmisher, a novice OpFi of Okawaru (D:5)
  The ghost of BiggieSmalls the Skirmisher, an amateur DsAK of Lugonu (D:4)
  Prince Ribbit (D:7)
  A wraith (Ossuary)
  A deep elf fighter (D:6)
  A sky beast (D:6)
  2 soldier ants (D:8)
  An orc warrior (D:3)
  A black bear (D:7)
  4 ogres
  A phantom (D:8)
  A centaur (D:7)
  3 giant frogs
  A gnoll sergeant (D:6)
  A water moccasin zombie (D:6)
  5 scorpions
  6 crimson imps
  3 killer bees (D:6)
  A quasit (D:7)
  An orc wizard (D:8)
  A centaur skeleton (D:4)
  2 giant frog zombies
  A jelly (D:6)
  2 giant frog skeletons (D:4)
  2 hounds
  An orc priest (D:8)
  18 worker ants
  4 iguanas (D:5)
  A hound zombie (D:7)
  2 mummies
  9 adders
  6 gnolls (D:6)
  An adder skeleton (D:5)
  3 adder zombies
  4 worms
  9 orcs
  3 ball pythons (Sewer)
  11 giant cockroaches
  6 hobgoblins
  7 jackals (D:1)
  19 kobolds
  A ball python zombie (D:5)
  16 bats
  6 giant geckos
  A giant gecko zombie (D:7)
  7 giant newts
  6 gnoll skeletons (Ossuary)
  5 goblins
  2 jackal skeletons
  9 kobold skeletons (Ossuary)
  10 orc skeletons (Ossuary)
  A quokka skeleton (D:5)
  12 rats
225 creatures vanquished.

Notes
Turn   | Place    | Note
--------------------------------------------------------------
     0 | D:1      | McCoppin the Tengu Arcane Marksman began the quest for the Orb.
     0 | D:1      | Reached XP level 1. HP: 12/12 MP: 3/3
   268 | D:1      | Reached skill level 3 in Bows
   268 | D:1      | Reached XP level 2. HP: 16/16 MP: 4/4
   867 | D:2      | Found a shimmering altar of Xom.
   876 | D:2      | Found a burning altar of Makhleb.
   877 | D:2      | Found a bloodstained altar of Trog.
   877 | D:2      | Found an opulent altar of Gozag.
   880 | D:2      | Found a white marble altar of Elyvilon.
   882 | D:2      | Found a shadowy altar of Dithmenos.
   940 | D:2      | Reached XP level 3. HP: 20/20 MP: 5/5
  1161 | D:2      | Reached skill level 4 in Bows
  1199 | D:2      | Reached skill level 10 in Fighting
  1199 | D:2      | Reached XP level 4. HP: 4/38 MP: 6/6
  1663 | D:2      | Gained mutation: You can fly. [Tengu growth]
  1663 | D:2      | Reached XP level 5. HP: 41/43 MP: 7/7
  2472 | D:3      | Found a sacrificial altar of Ru.
  2756 | D:3      | Noticed an orc warrior
  2807 | D:3      | Killed an orc warrior
  2807 | D:3      | Reached skill level 5 in Bows
  2807 | D:3      | Reached XP level 6. HP: 26/48 MP: 8/8
  3300 | D:4      | Found a glowing drain.
  3339 | Sewer    | Entered a sewer
  3810 | D:4      | Reached skill level 1 in Staves
  3810 | D:4      | Reached XP level 7. HP: 19/53 MP: 9/9
  3991 | D:4      | Noticed BiggieSmalls's ghost (amateur DsAK)
  4007 | D:4      | Killed BiggieSmalls's ghost
  4363 | D:4      | Reached XP level 8. HP: 59/59 MP: 10/10
  4434 | D:5      | Entered Level 5 of the Dungeon
  4533 | D:5      | Found a staircase to the Ecumenical Temple.
  4543 | Temple   | Entered the Ecumenical Temple
  4623 | Temple   | Became a worshipper of Warmaster Okawaru
  4861 | D:5      | Reached skill level 5 in Staves
  5204 | D:5      | Got a shimmering rapier
  5205 | D:5      | Identified the +6 rapier "Buzonut" {drain, rElec rF- Int+3 SInv} (You found it on level 5 of the Dungeon)
  5339 | D:5      | Noticed DEFE's ghost (novice OpFi)
  5351 | D:5      | Killed DEFE's ghost
  5494 | D:5      | Got a pair of polished gloves
  5500 | D:5      | Identified the +3 pair of gloves "Duckecvu" {*Confuse rC+++ Int+3 Dex-5} (You found it on level 5 of the Dungeon)
  5926 | D:6      | Reached * piety under Okawaru
  5926 | D:6      | Reached XP level 9. HP: 53/63 MP: 11/11
  6720 | D:6      | Reached ** piety under Okawaru
  7093 | D:7      | Noticed Prince Ribbit
  7098 | D:7      | Killed Prince Ribbit
  7820 | D:8      | Reached XP level 10. HP: 62/68 MP: 12/12
  7867 | D:8      | Found a sand-covered staircase.
  7952 | Ossuary  | Entered an ossuary
  8896 | D:8      | Reached *** piety under Okawaru
  8966 | D:8      | Noticed a queen ant
  8977 | D:8      | Reached skill level 10 in Bows
  9003 | D:8      | HP: 2/68 [queen ant (6)]
  9004 | D:8      | Succumbed to a queen ant's poison

Action                   |  1- 3 |  4- 6 |  7- 9 | 10-12 || total
-------------------------+-------+-------+-------+-------++-------
Melee: Short sword       |       |   171 |    72 |       ||   243
       Rapier            |       |       |   214 |    27 ||   241
 Fire: Shortbow          |   119 |     4 |    57 |   170 ||   350
       Blowgun           |       |       |       |     1 ||     1
Invok: Heroism           |       |       |       |     2 ||     2
 Abil: Fly               |       |     2 |     1 |       ||     3
  Use: Potion            |     1 |     2 |       |    16 ||    19
       Scroll            |       |     7 |     3 |     1 ||    11
 Stab: Invisible         |       |       |       |     4 ||     4
  Eat: Bread ration      |       |     2 |     1 |       ||     3
       Chunk             |       |     1 |    12 |       ||    13
